 Dungeon Crawl Stone Soup version 0.22-b1-21-g5cfc168 (webtiles) character file.

650624 Aviak the Acrobat (level 27, -5/214 (219) HPs)
             Began as a Deep Elf Fire Elementalist on Aug 3, 2018.
             Was the Champion of Vehumet.
             Killed from afar by an iron giant (45 damage)
             ... with an iron shot
             ... on level 7 of the Iron City of Dis on Aug 4, 2018.
             The game lasted 05:57:36 (69158 turns).

Aviak the Acrobat (Deep Elf Fire Elementalist)     Turns: 69158, Time: 05:57:37

HP:   -5/214 (219)  AC: 36    Str:  4 (5)  XL:     27
MP:   18/60         EV: 37    Int: 39      God:    Vehumet [******]
Gold: 4988          SH: 14    Dex: 25 (26) Spells: 11/69 levels left

rFire    + . .     SeeInvis +   q - +6 demon whip (elec)
rCold    + . .     Gourm    .   N - +1 shield {rPois}
rNeg     + + .     Faith    .   (armour currently unavailable)
rPois    ∞         Spirit   .   D - +3 hat of Pondering {ponderous, MR+ MP+10 Int+5}
rElec    +         Reflect  .   K - scarf {rC+ rF+}
rCorr    .         Harm     .   (gloves currently unavailable)
MR       +++..                  (boots currently unavailable)
Stlth    +++.......             F - amulet of Monotheism {RegenMP rN+}
HPRegen  0.45/turn              U - ring "Xyfothei" {rPois Dex+7}
MPRegen  0.62/turn              y - ring "Daol" {EV+2 Int+4 SInv}

@: statue-form, very slightly contaminated, drained, very slow
A: rugged brown scales 1, deterioration 1
}: 4/15 runes: serpentine, barnacled, silver, abyssal
a: End Transformation, Renounce Religion


You were on level 7 of the Iron City of Dis.
You worshipped Vehumet.
Vehumet was exalted by your worship.
You were not hungry.
You were a stone statue.
You visited 11 branches of the dungeon, and saw 53 of its levels.
You visited the Abyss 1 time.
You visited 2 bazaars.
You also visited: Labyrinth, Ice Cave and Wizlab.

You collected 8257 gold pieces.
You spent 3269 gold pieces at shops.

Inventory:

Hand Weapons
 q - a +6 demon whip of electrocution (weapon)
 w - the +4 dagger "Morg" {pain, MR+ Int+5, !a}
   (You found it in a labyrinth)

   In the hands of one skilled in necromantic magic, it inflicts extra damage on
   living creatures.
   It affects your intelligence (+5).
   It affects your resistance to hostile enchantments.
Armour
 u - a +1 pair of gloves of strength (melded)
 D - the +3 hat of Pondering (worn) {ponderous, MR+ MP+10 Int+5}
   (You found it on level 9 of the Dungeon)

   It affects your intelligence (+5).
   It affects your resistance to hostile enchantments.
   It affects your magic capacity (+10).
 J - a +2 robe of the Archmagi (melded)
 K - a scarf of resistance (worn)
 N - a +1 shield of poison resistance (worn)
 X - the cursed +0 pair of boots "Cegaulu" (melded) {rF+ Regen+}
   (You bought it in a shop on level 2 of the Orcish Mines)

   It protects you from fire.
   It increases your rate of regeneration.
   It has a curse placed upon it.
Jewellery
 d - an uncursed ring of fire
 p - an uncursed ring of wizardry
 y - the ring "Daol" (right hand) {EV+2 Int+4 SInv}
   (You took it off a naga mage on level 4 of the Snake Pit)

   [ring of evasion]

   It affects your evasion (+2).
   It affects your intelligence (+4).
   It lets you see invisible.
 C - the amulet "Suamon" {Spirit MP+9 Str+9 Dex+4}
   (You took it off a deep elf mage on level 1 of the Elven Halls)

   [amulet of guardian spirit]

   It causes incoming damage to be split between your health and magic.
   It affects your strength (+9).
   It affects your dexterity (+4).
   It affects your magic capacity (+9).
 F - the amulet of Monotheism (around neck) {RegenMP rN+}
   (You bought it in a shop on level 1 of the Orcish Mines)

   [amulet of magic regeneration]

   It increases your magic regeneration.
   It protects you from negative energy.
 T - a +6 ring of intelligence
 U - the ring "Xyfothei" (left hand) {rPois Dex+7}
   (You bought it in a shop on level 1 of the Orcish Mines)

   [ring of poison resistance]

   It affects your dexterity (+7).
   It protects you from poison.
Wands
 k - a wand of disintegration (29)
 z - a wand of clouds (4)
 I - a wand of iceblast (36)
 M - a wand of acid (21)
 P - a wand of paralysis (4)
 R - a wand of digging (14)
Scrolls
 b - 10 scrolls of fear
 e - 2 scrolls of enchant weapon
 g - 5 scrolls of fog
 i - 4 scrolls of identify
 j - a scroll of silence {!r}
 r - 18 scrolls of remove curse
 t - 11 scrolls of teleportation
 v - 2 scrolls of immolation
 x - 12 scrolls of blinking
 B - 4 scrolls of holy word
 E - 5 scrolls of enchant armour
 G - 7 scrolls of magic mapping
Potions
 c - 17 potions of curing
 f - 5 potions of haste
 h - 11 potions of heal wounds
 l - 3 potions of cancellation
 n - 7 potions of flight
 o - 8 potions of might
 s - 5 potions of agility
 A - 2 potions of berserk rage
 H - 2 potions of mutation {!q}
 L - 5 potions of brilliance
 S - 5 potions of magic
 V - 3 potions of resistance
 Y - 4 potions of lignification {!q}
 Z - a potion of invisibility
Miscellaneous
 m - 3 phantom mirrors
 O - a phial of floods
 W - a lamp of fire
Comestibles
 a - 55 rations


   Skills:
 - Level 15.0(14.4) Fighting
 - Level 3.8(3.4) Short Blades
 - Level 12.0(11.4) Maces & Flails
 - Level 23.2(22.6) Dodging
 - Level 2.4(2.0) Stealth
 - Level 15.0(14.4) Shields
 + Level 21.6(21.0) Spellcasting
 - Level 13.0(12.4) Conjurations
 - Level 4.1(3.7) Charms
 - Level 8.0(7.5) Summonings
 - Level 4.0(3.6) Necromancy
   Level 3.3(2.9) Translocations
 - Level 11.0(10.5) Transmutations
 - Level 15.0(14.4) Fire Magic
 - Level 20.0(19.4) Air Magic
 - Level 11.3(10.8) Earth Magic
 - Level 4.0(3.5) Evocations


You had 11 spell levels left.
You knew the following spells:

 Your Spells              Type           Power        Failure   Level  Hunger
a - Flame Tongue          Conj/Fire      #####        0%          1    None
c - Sticky Flame          Conj/Fire      #######.     1%          4    None
d - Conjure Flame         Conj/Fire      #######.     0%          3    None
e - Fireball              Conj/Fire      #######...   1%          5    None
f - Statue Form           Tmut/Erth      #######..    1%          6    None
g - Spellforged Servitor  Conj/Summ      #######...   2%          7    None
h - Regeneration          Chrm/Necr      ######....   1%          3    None
q - Orb of Destruction    Conj           #######...   1%          7    None
r - Ignition              Fire           ########..   3%          8    ##.....
t - Tornado               Air            ########..   6%          9    ####...
x - Bolt of Magma         Conj/Fire/Erth #######...   1%          5    None

Your spell library contained the following spells:

 Spells                   Type           Power        Failure   Level  Hunger
 Cause Fear               Hex            #####.....   6%          4    None
 Apportation              Tloc           ######       1%          1    None
 Bolt of Fire             Conj/Fire      #######...   1%          6    None
 Bolt of Cold             Conj/Ice       ######....   2%          6    None
 Lightning Bolt           Conj/Air       ########..   1%          5    None
 Slow                     Hex            #####...     1%          2    None
 Confuse                  Hex            #####...     1%          3    None
 Throw Flame              Conj/Fire      ######       0%          2    None
 Throw Frost              Conj/Ice       ######       1%          2    None
 Freezing Cloud           Conj/Ice/Air   #######...   1%          6    None
 Mephitic Cloud           Conj/Pois/Air  #######.     1%          3    None
 Ring of Flames           Chrm/Fire      #######...   13%         7    None
 Summon Small Mammal      Summ           ####         1%          1    None
 Bolt of Draining         Conj/Necr      #######...   1%          5    None
 Lehudib's Crystal Spear  Conj/Erth      #######...   11%         8    ##.....
 Fire Storm               Conj/Fire      #######...   54%         9    ####...
 Blink                    Tloc           N/A          1%          2    None
 Iskenderun's Mystic Bla  Conj           #######.     1%          4    None
 Animate Dead             Necr           N/A          1%          4    None
 Pain                     Necr           ####         1%          1    None
 Animate Skeleton         Necr           N/A          1%          1    None
 Vampiric Draining        Necr           ######....   1%          3    None
 Ozocubu's Refrigeration  Ice            #####.....   24%         6    None
 Summon Ice Beast         Ice/Summ       ######..     1%          4    None
 Call Imp                 Summ           #######.     1%          2    None
 Dispel Undead            Necr           ######..     4%          5    None
 Poison Arrow             Conj/Pois      ######....   2%          6    None
 Sublimation of Blood     Necr           ######....   1%          2    None
 Corpse Rot               Necr           N/A          1%          2    None
 Iron Shot                Conj/Erth      #######...   1%          6    None
 Stone Arrow              Conj/Erth      ######       0%          3    None
 Shock                    Conj/Air       ####         0%          1    None
 Swiftness                Chrm/Air       #######.     0%          2    None
 Agony                    Necr           ######..     4%          5    None
 Ice Form                 Ice/Tmut       ######..     1%          4    None
 Death Channel            Necr           ######....   22%         6    None
 Throw Icicle             Conj/Ice       ######..     1%          4    None
 Glaciate                 Conj/Ice       ######....   100%        9    ####...
 Airstrike                Air            ########..   0%          4    None
 Shadow Creatures         Summ           N/A          4%          6    None
 Ignite Poison            Fire/Tmut/Pois #######.     1%          3    None
 Call Canine Familiar     Summ           #######.     1%          3    None
 Ensorcelled Hibernation  Hex/Ice        #####.       1%          2    None
 Metabolic Englaciation   Hex/Ice        #####.....   19%         5    None
 Silence                  Hex/Air        #######...   1%          5    None
 Shatter                  Erth           #######...   86%         9    ####...
 Static Discharge         Conj/Air       ########     0%          3    None
 Corona                   Hex            #####..      1%          1    None
 Alistair's Intoxication  Tmut/Pois      ######..     1%          5    None
 Lee's Rapid Deconstruct  Erth           #######...   1%          5    None
 Sandblast                Erth           ######       0%          1    None
 Simulacrum               Ice/Necr       ######....   43%         6    None
 Conjure Ball Lightning   Conj/Air       ########..   1%          6    None
 Chain Lightning          Conj/Air       ########..   1%          8    ##.....
 Excruciating Wounds      Chrm/Necr      ######....   4%          5    None
 Portal Projectile        Hex/Tloc       ######       1%          3    None
 Petrify                  Tmut/Erth      #######.     1%          4    None
 Leda's Liquefaction      Hex/Erth       ######....   1%          4    None
 Summon Hydra             Summ           #######...   24%         7    None
 Darkness                 Hex            #####.....   69%         6    None
 Shroud of Golubria       Chrm/Tloc      ######....   1%          2    None
 Inner Flame              Hex/Fire       #######.     1%          3    None
 Disjunction              Tloc           ######....   100%        8    ##.....
 Iskenderun's Battlesphe  Conj/Chrm      #######.     1%          5    None
 Fulminant Prism          Conj/Hex       ######....   1%          4    None
 Infusion                 Chrm           ####         1%          1    None
 Song of Slaying          Chrm           ######..     1%          2    None
 Spectral Weapon          Hex/Chrm       ######..     1%          3    None
 Searing Ray              Conj           ######       0%          2    None
 Summon Forest            Summ/Tloc      ######....   1%          5    None
 Summon Lightning Spire   Summ/Air       #######.     1%          4    None
 Summon Guardian Golem    Hex/Summ       ######..     1%          3    None
 Hydra Form               Tmut           #######...   1%          6    None
 Irradiate                Conj/Tmut      #######...   1%          5    None
 Poisonous Vapours        Pois/Air       ######       1%          2    None
 Borgnjor's Vile Clutch   Necr/Erth      #######...   1%          5    None


Dungeon Overview and Level Annotations

Branches:
Dungeon (15/15)            Temple (1/1) D:5            Lair (6/6) D:8
 Shoals (4/4) Lair:4        Snake (4/4) Lair:2        Slime (0/5) Lair:6
    Orc (2/2) D:11            Elf (3/3) Orc:2        Vaults (5/5) D:14
  Crypt (0/3) Vaults:2     Depths (5/5) D:15           Hell (1/1)
    Dis (7/7) Hell            Geh (0/7) Hell            Coc (0/7) Hell
    Tar (0/7) Hell            Zot (0/5) Depths:5

Altars:
Ashenzari
Cheibriados
Dithmenos
Elyvilon
Fedhas
Gozag
Hepliaklqana
Kikubaaqudgha
Makhleb
Nemelex Xobeh
Okawaru
Qazlal
Ru
Sif Muna
Trog
Uskayaw
Vehumet
Wu Jian
Xom
Yredelemnul
Zin
The Shining One
Beogh
Jiyva

Shops:
Orc:1 ===   Orc:2 ([%%   Elf:1 [:   Shoals:3 %!((   Snake:4 ?   Vaults:3 *
Depths:2 !   Depths:4 }=}

Portals:
Hell: Depths:1 Depths:2 Depths:3 Depths:4 Depths:5
Abyss: Depths:2 Depths:3 Depths:4
Pandemonium: Depths:3
Ziggurat: Depths:1
Trove: Vaults:3 (give +8 demon whip)

Annotations:
Vaults:1 3 runed doors, exclusion: obsidian statue, Aviak's ghost, adept DEFE
Vaults:4 3 runed doors, Aviak's ghost, adept DEFE
Depths:1 1 runed door
Depths:5 6 runed doors


Innate Abilities, Weirdness & Mutations

(You are partially covered in rugged brown scales. (AC +1, +3% HP))
Your body sometimes deteriorates upon taking damage.


Message History

Casting: Ignition (slightly dangerous; 3% risk of failure)
Confirm with . or Enter, or press ? or * to list all spells.
You miscast Ignition.
You are very lightly contaminated with residual magic.
You feel uncomfortably hot. The iron dragon completely misses you.
You block the iron dragon's attack. The iron dragon completely misses you.
You block the reaper's attack.
The iron giant hits you with a giant club!!!
* * * LOW HITPOINT WARNING * * *
The iron dragon completely misses you. x2; The iron dragon closely misses you.
The iron dragon completely misses you. x2; The iron dragon misses you.
You take 63 damage, and have 39/214 hp.
MASSIVE DAMAGE!!
You now have 17/60 mp.
Unknown command.
Blink to where?
Press: ? - help, Dir - move target cursor, p - iron giant
As you read the scroll of blinking, it crumbles to dust.
The winds around you calm down.
The iron giant points at you and mumbles some strange words.
The iron shot hits you!
You die...

,,,*,,,******#.....#.............
****,,,,,,,,,#.....#....8....8...
******,,,**+*#.....#....8....8...
,,,,,*,,,*,,,#.....#............#
,,,,,+,,,*,,,*,....#............#
,,,,,*,,,*,,,####'##....8....8..#
******,,,*,,,#..........8....8..'
,,,*,,,,,****###'##.............#
,,,*,,,#######..8.#.............#
,,,+,,,#.....#....#.....8....8...
,,,*,,,#...D.#....#.....8....8...
****,,,#..2.§C....#..............
,,,,,..'....D#....#..............
,,,,,..#.....######.....8....8...
,,,,,,,#######,,#.......8....8...
,,,,,,,,,*,,,*..'................
,,,,,,,,,+,,,#..#................


You could see an iron giant and an iron dragon.

Vanquished Creatures
  3 ancient liches
  A juggernaut (Depths:4)
  Sojobo (Vaults:4)
  Margery (Depths:4)
  The ghost of Aviak the Acrobat, a veteran DEFE of Vehumet (Depths:1)
  A caustic shrike (Depths:3)
  2 golden dragons
  the Enchantress (Depths:4)
  Nikola (Shoals:3)
  Jory (Depths:3)
  A Brimstone Fiend (Dis:3)
  Rupert (D:12)
  7 tentacled monstrosities
  3 iron giants
  2 deep elf blademasters (Elf:3)
  2 quicksilver dragons
  4 titans
  2 sphinxes (Vaults:5)
  A lich (Abyss:3)
  A deep elf master archer (Elf:3)
  A kraken (Shoals:4)
  14 ancient champions
  An Executioner (Dis:7)
  Polyphemus (Shoals:2)
  5 storm dragons
  Agnes (Snake:1)
  Roxanne (Elf:2)
  7 tengu reavers
  5 shadow dragons
  Ilsuiw (Shoals:4)
  12 nagarajas
  10 deep elf sorcerers
  10 iron dragons
  8 frost giants
  A draconian knight (Depths:5)
  Louise (Snake:2)
  4 balrugs
  7 fire giants
  A juggernaut zombie (Hell)
  2 orc warlords (Orc:2)
  2 deep elf elementalists (Elf:3)
  5 cacodemons
  19 vault wardens
  A ghoul (Vaults:2)
  A draconian stormcaller (Depths:5)
  18 ironheart preservers
  20 reapers
  4 war gargoyles
  20 very ugly things
  4 spriggan defenders (Depths:4)
  21 stone giants
  2 green draconians (Depths:5)
  4 deep elf demonologists
  An entropy weaver (Vaults:4)
  4 vampire knights
  9 deep elf annihilators
  7 white draconians
  A minotaur (Lab)
  A dire elephant (Lair:6)
  4 yellow draconians (Depths:5)
  9 purple draconians
  A black draconian (Depths:5)
  9 statues (WizLab)
  4 merfolk javelineers (Shoals:4)
  3 blizzard demons
  11 ettins
  2 crystal guardians (Vaults:4)
  A quicksilver dragon zombie (Dis:4)
  9 merfolk impalers
  7 deep elf death magi
  A green death (Dis:4)
  9 great orbs of eyes
  A kraken zombie (Hell)
  9 fire dragons
  21 ogre magi
  19 yaktaur captains
  5 rakshasas
  Erolcha (D:9)
  7 ice dragons
  6 deep elf high priests
  A juggernaut simulacrum (Depths:1)
  39 vault guards
  2 spriggan air magi
  19 naga warriors
  A hell beast (Hell)
  7 hydras
  2 merfolk avatars
  2 anacondas (shapeshifter)
  4 catoblepae
  44 two-headed ogres
  6 death knights
  4 merfolk aquamancers (Shoals:4)
  16 centaur warriors
  11 anacondas
  6 satyrs (Shoals:4)
  7 hell hogs
  A two-headed ogre (shapeshifter) (Depths:1)
  34 dancing weapons
  6 deep troll earth magi
  3 tengu warriors
  7 death yaks
  3 vampire magi
  4 titan zombies
  6 hell knights
  7 naga sharpshooters
  5 shock serpents
  9 spriggan berserkers
  3 deep troll shamans
  25 deep elf knights
  2 iron golems (Hell)
  4 soul eaters
  A storm dragon zombie (Dis:7)
  38 skeletal warriors
  3 shadow wraiths
  5 sun demons
  A wretched star (Abyss:3)
  A small abomination (Elf:3)
  A fire crab (shapeshifter) (Vaults:5)
  A fire crab (Shoals:1)
  5 spriggans
  3 salamander mystics
  A sixfirhy (Hell)
  2 death drakes (shapeshifter)
  7 iron trolls
  2 ghost moth zombies
  A spark wasp zombie (Hell)
  An unseen horror (D:13)
  An unseen horror (shapeshifter) (Vaults:3)
  25 deep trolls
  10 sea snakes
  2 storm dragon skeletons
  2 shadow demons
  A swamp dragon (shapeshifter) (Vaults:4)
  20 deep elf archers
  6 wizards
  A kraken simulacrum (Hell)
  A golden dragon skeleton (Vaults:5)
  7 flayed ghosts
  4 glowing orange brains
  4 lindwurms (Lair:5)
  4 phantasmal warriors
  10 naga ritualists
  2 sphinx zombies
  4 wolf spider zombies
  14 orc knights
  6 necromancers
  13 harpies
  21 ironbrand convokers
  8 mana vipers
  9 cyclopes
  77 deep elf magi
  A harpy (shapeshifter) (Depths:1)
  An iron dragon zombie (Dis:2)
  A fire giant zombie (Dis:1)
  5 orc sorcerers
  4 shadow dragon zombies
  3 stone giant zombies
  A shining eye (shapeshifter) (Vaults:5)
  A mana viper (shapeshifter) (Vaults:5)
  5 wolf spiders
  21 manticores
  A faun (shapeshifter) (Vaults:5)
  2 frost giant zombies (Dis:6)
  A tengu skeleton (Vaults:5)
  23 fauns
  16 salamanders
  43 ugly things
  A frost giant skeleton (Dis:7)
  8 guardian serpents
  Maurice (D:8)
  13 elephants
  23 black mambas
  2 water nymphs (Shoals:4)
  2 ice statues
  2 smoke demons (Hell)
  A stone giant skeleton (Dis:4)
  A molten gargoyle (Hell)
  3 shock serpent zombies
  A dire elephant zombie (Dis:6)
  2 gargoyles
  14 vault sentinels
  13 merfolk sirens
  An orange demon (Hell)
  25 rust devils
  3 centaur zombies
  A water nymph (shapeshifter) (Depths:2)
  9 komodo dragons
  3 fire giant skeletons
  2 spriggan zombies (Hell)
  6 spiny frogs
  2 rime drakes (shapeshifter)
  5 human zombies
  22 naga magi
  2 dire elephant skeletons
  53 yaktaurs
  2 yaktaur zombies
  15 hellions
  An emperor scorpion zombie (Dis:6)
  2 kobold demonologists
  A torpor snail (shapeshifter) (D:13)
  10 freezing wraiths
  4 ice devils
  An efreet (Abyss:3)
  4 human skeletons
  7 red devils
  23 tormentors
  A minotaur skeleton (Lab)
  2 yaktaurs (shapeshifter) (Vaults:5)
  6 hydra zombies
  An ancient zyme (Abyss:3)
  2 queen bees (shapeshifter)
  2 tengu conjurers
  A merfolk (shapeshifter) (Vaults:5)
  3 meliai (Lair:6)
  3 large abominations (Abyss:3)
  13 trolls
  A tyrant leech (shapeshifter) (Depths:1)
  24 merfolk
  A wolf spider simulacrum (Hell)
  3 wind drakes (Shoals:4)
  2 raiju (shapeshifter)
  16 polar bears
  18 slime creatures
  19 blink frogs
  A hydra skeleton (Hell)
  3 ettin zombies
  An ice dragon zombie (Dis:5)
  8 hornets
  A dream sheep (shapeshifter) (Depths:4)
  14 snapping turtles
  Prince Ribbit (D:9)
  15 dream sheep
  15 hippogriffs
  An alligator zombie (Hell)
  A deep troll zombie (Hell)
  2 human simulacra (Vaults:1)
  2 stone giant simulacra
  5 air elementals
  22 flying skulls
  2 redbacks
  7 fire dragon zombies
  4 starcursed masses (Abyss:3)
  4 wyverns
  9 wraiths
  43 yaks
  An ettin skeleton (Vaults:2)
  2 spriggans (shapeshifter)
  17 water elementals
  9 fire elementals
  2 basilisks
  2 fire bats (Shoals:1)
  6 shadows
  8 hungry ghosts
  A golden eye (shapeshifter) (D:15)
  2 steam dragons
  A black mamba skeleton (Dis:7)
  A vampire mosquito (D:10)
  8 wargs
  2 acid dragons
  A merfolk zombie (Hell)
  A soldier ant (D:13)
  A tengu zombie (Hell)
  10 water moccasins
  35 hell hounds
  58 nagas
  6 porcupines
  2 deep troll skeletons (Vaults:2)
  50 orc warriors
  A hydra simulacrum (Hell)
  4 phantoms
  A spiny frog skeleton (Hell)
  47 ogres
  An ettin simulacrum (Vaults:1)
  2 black bears
  An eye of draining (D:13)
  2 ice beasts
  2 manticore zombies
  4 sky beasts
  2 necrophages
  3 snapping turtle zombies
  10 boggarts (Vaults:2)
  A wolf (shapeshifter) (Vaults:5)
  38 centaurs
  An elf zombie (Vaults:5)
  An ogre (shapeshifter) (Depths:2)
  18 wolves
  9 crocodiles
  2 wyvern zombies
  5 big kobolds
  20 bullfrogs
  3 scorpions
  A wyvern skeleton (D:13)
  8 killer bees (D:7)
  7 electric eels
  23 wights
  2 howler monkeys (D:4)
  A troll skeleton (Lab)
  3 crimson imps
  A bullfrog zombie (D:13)
  2 quasits
  5 jellies
  4 bullfrog skeletons
  5 hounds
  Crazy Yiuf (D:5)
  27 orc priests
  36 orc wizards
  8 centaur skeletons
  4 iguanas
  23 iron imps
  4 hell rats (Lair:6)
  11 worker ants
  2 hound zombies
  An ogre skeleton (Lab)
  3 hound skeletons
  3 mummies
  2 worker ant zombies
  8 gnolls
  A howler monkey skeleton (D:5)
  11 adders
  7 oozes
  2 adder skeletons
  An adder zombie (D:10)
  4 worms
  A dart slug (D:1)
  5 leopard geckos
  142 orcs
  6 bats
  9 giant cockroaches
  13 goblins
  8 hobgoblins
  7 jackals
  33 kobolds
  2 quokkas
  3 ball pythons
  3 frilled lizards
  2 leopard gecko zombies
  7 rats
  A butterfly (Lair:4)
  23 plants
  3 tentacles (Hell)
2620 creatures vanquished.

Vanquished Creatures (collateral kills)
  An ancient lich (Depths:1)
  Frederick (Depths:2)
  Geryon (Hell)
  3 bone dragons
  2 tentacled monstrosities
  An ancient champion (Dis:5)
  A sphinx (Depths:4)
  2 tengu reavers (Vaults:4)
  A draconian monk (Depths:5)
  2 fire giants
  A cacodemon (Dis:7)
  An iron dragon (Dis:6)
  A frost giant (Depths:4)
  4 reapers
  6 very ugly things
  2 yellow draconians (Depths:5)
  3 purple draconians (WizLab)
  An ettin (Vaults:5)
  A quicksilver dragon zombie (Dis:5)
  3 yaktaur captains
  2 fire dragons (Depths:4)
  2 ice dragons
  A hell beast (Hell)
  3 two-headed ogres
  An ogre mage (Depths:3)
  2 titan zombies
  A vampire mage (Depths:4)
  A deep troll earth mage (Depths:4)
  A dancing weapon (Vaults:5)
  2 hell hogs (Dis:6)
  2 soul eaters
  4 sun demons
  2 spriggans
  Nergalle (Lair:4)
  An iron troll (Depths:1)
  2 hell knights (Hell)
  4 skeletal warriors
  A ghost moth zombie (Dis:6)
  2 golden dragon zombies
  2 anaconda zombies
  A deep troll (Depths:1)
  A spark wasp zombie (Hell)
  A phantasmal warrior (Dis:6)
  A necromancer (Hell)
  2 stone giant zombies
  A salamander (Depths:1)
  2 deep elf magi (WizLab)
  A fire giant skeleton (Dis:7)
  A black mamba (Snake:4)
  A dire elephant zombie (Dis:3)
  5 rust devils
  An emperor scorpion zombie (Dis:6)
  A freezing wraith (Dis:6)
  A yaktaur (Vaults:4)
  2 ice devils
  A hellwing (Dis:5)
  A tormentor (Dis:6)
  4 red devils
  4 hornets
  A flying skull (Dis:6)
  A black mamba zombie (Dis:6)
  A wraith (Dis:6)
  A basilisk (Lair:3)
  A swamp worm (shapeshifter) (Depths:5)
  9 hell hounds
  A floating eye (Depths:4)
  A porcupine (Lair:4)
  A phantom (Dis:6)
  5 ogres
  2 wights (Dis:3)
  9 iron imps
140 creatures vanquished.

Vanquished Creatures (others)
  2 iron giants
  An ancient champion (Dis:7)
  A fire giant (Depths:5)
  A hell beast (Hell)
  An elephant (Lair:3)
  A rime drake (IceCv)
  A flying skull (Dis:5)
  7 yaks (IceCv)
  2 hell hounds (Hell)
  2 wolves (IceCv)
  A bullfrog (shapeshifter) (Depths:4)
  2 crimson imps (Hell)
  13 fungi
  51 plants
  A starspawn tentacle (Abyss:3)
  9 tentacles
96 creatures vanquished.

Grand Total: 2856 creatures vanquished

Notes
Turn   | Place    | Note
-------+----------+-------------------------------------------
     0 | D:1      | Aviak the Deep Elf Fire Elementalist began the quest for the Orb.
     0 | D:1      | Reached XP level 1. HP: 10/10 MP: 6/6
   245 | D:1      | Reached XP level 2. HP: 7/15 MP: 2/8
   337 | D:1      | Learned a level 2 spell: Throw Flame
   569 | D:1      | Reached XP level 3. HP: 9/19 MP: 3/10
  1122 | D:1      | Learned a level 3 spell: Conjure Flame
  1924 | D:2      | Found a glowing golden altar of the Shining One.
  2089 | D:2      | Found a basalt altar of Yredelemnul.
  2095 | D:2      | Noticed an angel
  2157 | D:2      | Reached XP level 4. HP: 12/24 MP: 12/12
  2533 | D:3      | Learned a level 4 spell: Sticky Flame
  2777 | D:3      | Reached skill level 3 in Dodging
  2777 | D:3      | Reached XP level 5. HP: 28/28 MP: 8/13
  3516 | D:4      | Reached skill level 5 in Spellcasting
  3526 | D:4      | Reached XP level 6. HP: 21/32 MP: 7/15
  3533 | D:4      | Learned a level 5 spell: Fireball
  3755 | D:4      | Reached skill level 5 in Fire Magic
  3768 | D:4      | Reached skill level 4 in Dodging
  4512 | D:4      | Found a shadowy altar of Dithmenos.
  4523 | D:4      | Reached XP level 7. HP: 20/36 MP: 11/17
  4991 | D:5      | Entered Level 5 of the Dungeon
  5077 | D:5      | Reached skill level 5 in Dodging
  5225 | D:5      | Found a shimmering altar of Xom.
  5225 | D:5      | Noticed an angel
  5247 | D:5      | Found a glowing silver altar of Zin.
  5463 | D:5      | Found a runed door.
  5602 | D:5      | Found a staircase to the Ecumenical Temple.
  5675 | D:5      | Reached skill level 5 in Conjurations
  5789 | Temple   | Entered the Ecumenical Temple
  6020 | D:5      | Noticed Crazy Yiuf
  6025 | D:5      | Killed Crazy Yiuf
  6235 | D:6      | Reached XP level 8. HP: 41/41 MP: 16/19
  6339 | D:6      | Reached skill level 6 in Dodging
  6995 | D:6      | Reached skill level 1 in Short Blades
  7393 | D:7      | Reached skill level 1 in Fighting
  7432 | D:6      | Reached skill level 7 in Dodging
  7603 | D:7      | Reached XP level 9. HP: 34/48 MP: 0/20
  8087 | D:7      | Found a bloodstained altar of Trog.
  8502 | D:7      | Learned a level 3 spell: Inner Flame
  8855 | D:8      | Noticed Maurice
  8876 | D:8      | Killed Maurice
  8876 | D:8      | Reached skill level 8 in Dodging
  9196 | D:8      | Found a radiant altar of Vehumet.
  9199 | D:8      | Became a worshipper of Vehumet
  9347 | D:8      | Found a staircase to the Lair.
  9347 | D:8      | Noticed an elephant
  9396 | D:7      | Killed an elephant
  9396 | D:7      | Reached skill level 1 in Maces & Flails
  9789 | D:9      | Found a white marble altar of Elyvilon.
  9790 | D:9      | Found a sacrificial altar of Ru.
  9790 | D:9      | Found an ancient bone altar of Kikubaaqudgha.
  9791 | D:9      | Found a hazy altar of Hepliaklqana.
  9818 | D:9      | Reached XP level 10. HP: 36/56 MP: 12/21
  9929 | D:9      | Noticed Erolcha
  9935 | D:9      | Killed Erolcha
  9935 | D:9      | Reached skill level 9 in Dodging
 10529 | D:9      | Noticed Prince Ribbit
 10537 | D:9      | Reached skill level 5 in Fighting
 10537 | D:9      | Reached skill level 10 in Dodging
 10538 | D:9      | Killed Prince Ribbit
 10549 | D:9      | Reached * piety under Vehumet
 10549 | D:9      | Offered knowledge of Freeze by Vehumet.
 11037 | D:9      | Found the +3 hat of Pondering {ponderous, MR+ MP+10 Int+5}
 11180 | D:10     | Entered Level 10 of the Dungeon
 11518 | D:10     | Reached skill level 1 in Evocations
 11518 | D:10     | Reached XP level 11. HP: 53/64 MP: 22/22
 11673 | D:10     | Noticed an orc knight
 11682 | D:10     | Killed an orc knight
 12069 | Lair:1   | Entered Level 1 of the Lair of Beasts
 12320 | Lair:1   | You fall through a shaft!
 12458 | Lair:2   | Reached ** piety under Vehumet
 12458 | Lair:2   | Offered knowledge of Sting by Vehumet.
 12649 | Lair:2   | Noticed a death yak
 12661 | Lair:2   | Killed a death yak
 12661 | Lair:2   | Reached skill level 5 in Maces & Flails
 12787 | Lair:2   | Noticed an eight-headed hydra
 13832 | Lair:2   | Found a staircase to the Snake Pit.
 14246 | Lair:2   | Killed an eight-headed hydra
 14733 | Lair:3   | Noticed a catoblepas
 14749 | Lair:3   | Killed a catoblepas
 14932 | Lair:3   | Noticed a five-headed hydra
 14958 | Lair:3   | Killed a five-headed hydra
 14958 | Lair:3   | Reached XP level 12. HP: 55/74 MP: 21/23
 15076 | Lair:3   | Offered knowledge of Ignite Poison by Vehumet.
 15081 | Lair:3   | Learned a level 3 spell: Ignite Poison
 16212 | Lair:4   | Reached *** piety under Vehumet
 16396 | Lair:4   | Noticed Nergalle
 16404 | Lair:4   | Killed Nergalle
 16404 | Lair:4   | Reached skill level 1 in Shields
 16524 | Lair:4   | Found a staircase to the Shoals.
 16562 | Lair:4   | Found a frozen archway.
 16573 | IceCv    | Entered an ice cave
 16754 | IceCv    | Offered knowledge of Force Lance by Vehumet.
 16770 | IceCv    | Learned a level 4 spell: Force Lance
 17623 | IceCv    | Reached skill level 1 in Translocations
 17859 | IceCv    | Noticed a death yak
 17859 | IceCv    | Noticed a white draconian
 17870 | IceCv    | Killed a death yak
 17870 | IceCv    | Reached **** piety under Vehumet
 17876 | IceCv    | Offered knowledge of Lee's Rapid Deconstruction by Vehumet.
 17876 | IceCv    | Reached XP level 13. HP: 75/80 MP: 16/28
 17877 | IceCv    | Killed a white draconian
 18070 | IceCv    | Identified the Compendium of Clay and Arcane Weapons
 18074 | IceCv    | Got a crude leather armour
 18115 | IceCv    | Identified the +3 leather armour of Heraafe {rElec Str+4 Dex+2 Stlth+} (You found it in an ice cave)
 18281 | Lair:4   | Learned a level 3 spell: Regeneration
 18312 | Lair:4   | Reached skill level 1 in Charms
 18625 | Lair:4   | Reached skill level 1 in Necromancy
 19062 | Lair:5   | Identified a scroll of acquirement
 20230 | Lair:5   | Reached skill level 10 in Spellcasting
 20233 | Lair:6   | Entered Level 6 of the Lair of Beasts
 20317 | Lair:6   | Reached skill level 5 in Shields
 20851 | Lair:6   | Reached ***** piety under Vehumet
 21658 | Lair:5   | Learned a level 5 spell: Bolt of Magma
 21668 | Lair:5   | Offered knowledge of Poison Arrow by Vehumet.
 21686 | Lair:5   | Reached skill level 1 in Earth Magic
 21985 | Lair:6   | Noticed a dire elephant
 22210 | Lair:6   | Killed a dire elephant
 22737 | Lair:6   | Reached XP level 14. HP: 76/86 MP: 21/31
 22776 | Lair:6   | Found a staircase to the Slime Pits.
 22817 | Lair:6   | Reached skill level 5 in Earth Magic
 23082 | Lair:5   | Reached skill level 1 in Transmutations
 23143 | Lair:5   | Got crude ice dragon scales {rF- rC++}
 23305 | Lair:6   | Identified the cursed +0 ice dragon scales of Distant Shores {rF- rC++ Regen+ Dex+4, rF- rC++} (You found it on level 5 of the Lair of Beasts)
 23763 | D:11     | Found a staircase to the Orcish Mines.
 23946 | D:11     | Offered knowledge of Bolt of Fire by Vehumet.
 24613 | D:12     | Found a labyrinth entrance.
 24625 | Lab      | Entered a labyrinth
 26209 | Lab      | Found the +4 dagger "Morg" {pain, MR+ Int+5}
 26727 | D:12     | Noticed Rupert
 26728 | D:12     | Paralysed by Rupert for 3 turns
 26737 | D:12     | Killed Rupert
 27047 | D:12     | Found a viscous altar of Jiyva.
 27400 | Orc:1    | Entered Level 1 of the Orcish Mines
 27406 | Orc:1    | Found Kubithoy's Jewellery Shoppe.
 27581 | Orc:1    | Found Yfruocw's Jewellery Shop.
 27657 | Orc:1    | Bought the amulet of Monotheism {RegenMP rN+} for 576 gold pieces
 27734 | Orc:1    | Found Hotzax's Jewellery Shoppe.
 27772 | Orc:2    | Entered Level 2 of the Orcish Mines
 27772 | Orc:2    | Found a staircase to the Elven Halls.
 27795 | Orc:1    | Offered knowledge of Spellforged Servitor by Vehumet.
 27806 | Orc:1    | Learned a level 7 spell: Spellforged Servitor
 28134 | Orc:2    | Noticed an orc warlord
 28152 | Orc:2    | Killed an orc warlord
 28517 | Orc:2    | Found a roughly hewn altar of Beogh.
 28523 | Orc:2    | Found a roughly hewn altar of Beogh.
 28527 | Orc:2    | Found Juhe's Food Shop.
 28607 | Orc:2    | Found a roughly hewn altar of Beogh.
 28607 | Orc:2    | Found Feluel's Food Emporium.
 28674 | Orc:2    | Found a roughly hewn altar of Beogh.
 29065 | Orc:2    | Noticed an orc warlord
 29096 | Orc:2    | Killed an orc warlord
 29183 | Orc:2    | Found Ziruenut's Antique Weapon Shop.
 29184 | Orc:2    | Found a roughly hewn altar of Beogh.
 29189 | Orc:2    | Found Wieluip's Antique Armour Boutique.
 29194 | Orc:2    | Bought a pair of steaming boots for 247 gold pieces
 29204 | Orc:2    | Identified the cursed +0 pair of boots "Cegaulu" {rF+ Regen+} (You bought it in a shop on level 2 of the Orcish Mines)
 29264 | Orc:1    | Bought the ring "Xyfothei" {rPois Dex+7} for 583 gold pieces
 29331 | D:13     | Offered knowledge of Orb of Destruction by Vehumet.
 29642 | D:13     | Reached skill level 11 in Dodging
 29733 | D:13     | Reached XP level 15. HP: 85/90 MP: 26/34
 30640 | D:13     | Found a sparkling altar of Nemelex Xobeh.
 30701 | D:13     | Learned a level 6 spell: Statue Form
 30947 | D:14     | Found a gate to the Vaults.
 30982 | D:14     | Reached skill level 5 in Transmutations
 31207 | D:14     | Reached skill level 12 in Dodging
 32000 | D:14     | You fall through a shaft!
 32000 | D:15     | Entered Level 15 of the Dungeon
 32274 | D:15     | Reached skill level 10 in Fighting
 32306 | D:15     | Reached skill level 10 in Shields
 32636 | D:15     | Found a staircase to the Depths.
 33143 | Snake:1  | Entered Level 1 of the Snake Pit
 33361 | Snake:1  | Noticed Agnes
 33368 | Snake:1  | Killed Agnes
 33636 | Snake:1  | Offered knowledge of Poison Arrow by Vehumet.
 33741 | Snake:1  | Reached XP level 16. HP: 94/96 MP: 19/35
 33756 | Snake:1  | Reached skill level 13 in Dodging
 35199 | Snake:2  | Noticed Louise
 35226 | Snake:2  | Cast into level 3 of the Abyss (Louise)
 35250 | Abyss:3  | Got a sparkling granite ring
 35435 | Abyss:3  | Noticed a lich
 35446 | Abyss:3  | Killed a lich
 35458 | Abyss:3  | Noticed a tentacled starspawn
 35459 | Abyss:3  | Got an abyssal rune of Zot
 35472 | Abyss:3  | Noticed a tentacled starspawn
 35526 | Abyss:3  | Noticed a quicksilver dragon
 35530 | Abyss:3  | Killed a quicksilver dragon
 35715 | Snake:2  | Escaped the Abyss
 35721 | Snake:2  | Killed Louise
 35823 | Snake:2  | Reached skill level 10 in Earth Magic
 35824 | Snake:2  | Identified the ring of the Skies Above {+Fly EV+4} (You found it on level 3 of the Abyss)
 36429 | Snake:3  | Reached skill level 10 in Transmutations
 36434 | Snake:3  | Found an ancient bone altar of Kikubaaqudgha.
 36537 | Snake:3  | Reached ****** piety under Vehumet
 36655 | Snake:3  | Offered knowledge of Orb of Destruction by Vehumet.
 37031 | Snake:4  | Entered Level 4 of the Snake Pit
 37091 | Snake:4  | Reached XP level 17. HP: 31/102 MP: 5/36
 37263 | Snake:4  | Found Habacria's Magic Scroll Shop.
 37272 | Snake:4  | Bought a scroll of amnesia for 63 gold pieces
 37788 | Snake:4  | Reached skill level 1 in Summonings
 37963 | Snake:4  | Learned a level 7 spell: Orb of Destruction
 38501 | Snake:4  | Reached skill level 5 in Summonings
 38536 | Snake:4  | Got a brightly glowing bronze ring
 38538 | Snake:4  | Identified the ring "Daol" {EV+2 Int+4 SInv} (You took it off a naga mage on level 4 of the Snake Pit)
 38689 | Snake:4  | Got a serpentine rune of Zot
 39439 | Shoals:1 | Entered Level 1 of the Shoals
 39450 | Shoals:1 | Reached skill level 10 in Conjurations
 39846 | Shoals:1 | Found a flickering gateway to a bazaar.
 39851 | Bazaar   | Entered a bazaar
 39851 | Bazaar   | Found Caizir's Distillery.
 39851 | Bazaar   | Found Zilaups's Book Emporium.
 39851 | Bazaar   | Found Pootowome's General Store.
 39851 | Bazaar   | Found Cava's Gadget Shoppe.
 39854 | Bazaar   | Found Plog's Book Shoppe.
 39889 | Bazaar   | Bought 2 potions of haste for 200 gold pieces
 39889 | Bazaar   | Bought a potion of heal wounds for 50 gold pieces
 39889 | Bazaar   | Bought a potion of curing for 30 gold pieces
 39889 | Bazaar   | Bought a potion of curing for 30 gold pieces
 39889 | Bazaar   | Bought a potion of curing for 30 gold pieces
 39909 | Bazaar   | Bought a +1 shield of poison resistance for 216 gold pieces
 40369 | Shoals:2 | Reached XP level 18. HP: 107/107 MP: 37/37
 40394 | Shoals:2 | Noticed Polyphemus
 40434 | Shoals:2 | Killed Polyphemus
 40958 | Shoals:3 | Found Dead Kuh's Magic Scroll Emporium.
 40977 | Shoals:3 | Noticed Nikola
 40987 | Shoals:3 | Killed Nikola
 41086 | Shoals:3 | Found Uroiz's Weapon Boutique.
 41132 | Shoals:3 | Found Ziphan Peegi's Antique Weapon Emporium.
 41363 | Shoals:3 | Found Adgharghou's Distillery.
 41384 | Shoals:3 | Bought a potion of heal wounds for 75 gold pieces
 41422 | Shoals:3 | Found Ruic's Food Shoppe.
 41520 | Shoals:3 | Found a shadowy altar of Dithmenos.
 41606 | Shoals:4 | Entered Level 4 of the Shoals
 42025 | Shoals:4 | Found a runed door.
 42033 | Shoals:4 | Got a barnacled rune of Zot
 42508 | Shoals:4 | Noticed Ilsuiw
 42526 | Shoals:4 | Killed Ilsuiw
 42526 | Shoals:4 | Reached skill level 10 in Fire Magic
 43373 | Vaults:1 | Entered Level 1 of the Vaults
 43820 | Vaults:1 | Reached XP level 19. HP: 112/112 MP: 38/38
 44136 | Vaults:1 | Found a runed gate.
 44138 | Vaults:1 | Found a runed gate.
 44138 | Vaults:1 | Found an opulent altar of Gozag.
 44138 | Vaults:1 | Found a runed gate.
 44565 | Vaults:1 | Noticed Aviak's ghost (adept DEFE)
 45152 | Vaults:2 | Reached skill level 15 in Spellcasting
 45537 | Vaults:2 | Identified Funet's Catalogue of Dark Secrets
 46556 | Vaults:2 | Reached skill level 15 in Shields
 46689 | Vaults:2 | Found a staircase to the Crypt.
 47347 | Vaults:3 | Found a portal to a secret trove of treasure.
 47448 | Vaults:3 | Reached XP level 20. HP: 100/117 MP: 30/42
 47554 | Vaults:3 | Learned a level 8 spell: Ignition
 47598 | Vaults:3 | Reached skill level 14 in Dodging
 47864 | Vaults:3 | Found Arho's General Store.
 47871 | Vaults:3 | Bought a scroll of blinking for 105 gold pieces
 48437 | Vaults:4 | Reached skill level 15 in Dodging
 48950 | Vaults:4 | Reached skill level 16 in Dodging
 49041 | Vaults:4 | Noticed Sojobo
 49056 | Vaults:4 | Killed Sojobo
 49291 | Vaults:4 | Reached XP level 21. HP: 81/121 MP: 24/44
 49680 | Vaults:4 | Found a runed gate.
 49680 | Vaults:4 | Found a runed gate.
 49681 | Vaults:4 | Found a runed gate.
 49877 | Vaults:4 | Found a runed gate.
 49877 | Vaults:4 | Found a runed gate.
 49888 | Vaults:4 | Found a runed gate.
 49978 | Vaults:4 | Reached skill level 17 in Dodging
 50008 | Vaults:4 | Noticed Aviak's ghost (adept DEFE)
 50699 | Vaults:5 | Entered Level 5 of the Vaults
 50701 | Vaults:5 | Reached skill level 15 in Fire Magic
 50807 | Vaults:5 | Reached skill level 18 in Dodging
 50961 | Vaults:5 | Reached XP level 22. HP: 114/131 MP: 24/45
 51042 | Vaults:5 | Noticed a golden dragon
 51120 | Vaults:5 | Reached skill level 19 in Dodging
 51128 | Vaults:5 | Killed a golden dragon
 52043 | Vaults:5 | Noticed an ancient lich
 52058 | Vaults:5 | Killed an ancient lich
 52058 | Vaults:5 | Reached skill level 20 in Dodging
 52401 | Vaults:5 | Noticed an ancient lich
 52406 | Vaults:5 | Killed an ancient lich
 52986 | Vaults:5 | Identified the +4 dagger of Doors {flame, Int+3 Dex-2 Stlth+} (You took it off a deep elf annihilator on level 5 of the Vaults)
 53025 | Vaults:5 | Got a silver rune of Zot
 53027 | Vaults:5 | Identified the +2 pair of boots of Sloth {rCorr Dex+4} (You found it on level 5 of the Vaults)
 53311 | Elf:1    | Entered Level 1 of the Elven Halls
 53346 | Elf:1    | Found Ralul's Book Emporium.
 53346 | Elf:1    | Found Aluczipn's Antique Armour Shoppe.
 53982 | Elf:1    | Got a coiled sapphire amulet
 53988 | Elf:1    | Identified the amulet "Suamon" {Spirit MP+9 Str+9 Dex+4} (You took it off a deep elf mage on level 1 of the Elven Halls)
 54093 | Elf:1    | Reached XP level 23. HP: 102/141 MP: 46/46
 54257 | Elf:2    | Reached skill level 21 in Dodging
 54492 | Elf:2    | Noticed Roxanne
 54501 | Elf:2    | Killed Roxanne
 54528 | Elf:2    | Identified Roxanne's Reference Book on the Rocks (You took it off Roxanne on level 2 of the Elven Halls)
 54552 | Elf:2    | Found a runed gate.
 54552 | Elf:2    | Found a runed gate.
 54566 | Elf:2    | Found a runed gate.
 55227 | Elf:3    | Entered Level 3 of the Elven Halls
 55961 | Elf:3    | Reached skill level 22 in Dodging
 56555 | Elf:3    | Identified the +10 short sword "Zeleloh" {pierce, rC+} (You took it off a deep elf death mage on level 3 of the Elven Halls)
 56671 | Elf:3    | Identified Aqoluig's Collected Works on Execration
 56686 | Elf:3    | Identified the Grimoire of the Unholy Compass
 56995 | Depths:1 | Entered Level 1 of the Depths
 57167 | Depths:1 | Learned a level 9 spell: Tornado
 57173 | Depths:1 | Found a gateway to a ziggurat.
 57173 | Depths:1 | Noticed an ancient lich
 57186 | Depths:1 | Killed an ancient lich
 57186 | Depths:1 | Reached skill level 1 in Air Magic
 57664 | Depths:1 | Reached XP level 24. HP: 147/147 MP: 49/49
 57695 | Depths:1 | Found a gateway to Hell.
 57728 | Depths:1 | Noticed an ancient lich
 57728 | Depths:1 | Noticed Aviak's ghost (veteran DEFE)
 57767 | Depths:1 | Found a runed door.
 57797 | Depths:1 | Found a runed door.
 57944 | Depths:1 | Found a sparkling altar of Nemelex Xobeh.
 58149 | Depths:1 | Killed Aviak's ghost
 58149 | Depths:1 | Reached skill level 23 in Dodging
 58149 | Depths:1 | Killed an ancient lich
 58149 | Depths:1 | Reached skill level 5 in Air Magic
 58926 | Depths:2 | Found Ruecoich's Distillery.
 58929 | Depths:2 | Bought a potion of heal wounds for 70 gold pieces
 58929 | Depths:2 | Bought a potion of heal wounds for 70 gold pieces
 59198 | Depths:2 | Found a one-way gate to the infinite horrors of the Abyss.
 59491 | Depths:3 | Noticed Jory
 59496 | Depths:3 | Noticed Frederick
 59500 | Depths:3 | Killed Jory
 59635 | Depths:2 | Killed Frederick
 60041 | Depths:3 | Reached skill level 10 in Maces & Flails
 60123 | Depths:3 | Found a one-way gate leading to the halls of Pandemonium.
 60626 | Depths:4 | Reached skill level 10 in Air Magic
 60722 | Depths:4 | Noticed Margery
 60723 | Depths:4 | Noticed a juggernaut
 60730 | Depths:4 | Killed a juggernaut
 60735 | Depths:4 | Noticed the Enchantress
 60744 | Depths:4 | Killed Margery
 60746 | Depths:4 | Killed the Enchantress
 60746 | Depths:4 | Reached XP level 25. HP: 105/151 MP: 16/49
 60770 | Depths:4 | Paralysed by a floating eye for 3 turns
 61018 | Depths:4 | Found a flickering gateway to a bazaar.
 61022 | Bazaar   | Entered a bazaar
 61022 | Bazaar   | Found Geneiqe's General Store.
 61041 | Bazaar   | Found Miejah's Antique Armour Shoppe.
 61052 | Bazaar   | Found Orur's Jewellery Boutique.
 61063 | Bazaar   | Found Bampy's Antique Weapon Emporium.
 61071 | Bazaar   | Found Doetuutz's Distillery.
 61079 | Bazaar   | Bought a potion of heal wounds for 60 gold pieces
 61079 | Bazaar   | Bought a potion of curing for 36 gold pieces
 61079 | Bazaar   | Bought a potion of mutation for 96 gold pieces
 61079 | Bazaar   | Bought a potion of agility for 48 gold pieces
 61079 | Bazaar   | Bought a potion of curing for 36 gold pieces
 61079 | Bazaar   | Bought a potion of agility for 48 gold pieces
 61079 | Bazaar   | Bought a potion of might for 48 gold pieces
 61157 | Depths:4 | Identified the +2 faerie dragon scales {rPois rF- MR+ rCorr Dex+3} (You took it off the Enchantress on level 4 of the Depths)
 61378 | Depths:4 | Found Zukleib's Jewellery Shop.
 61379 | Depths:4 | Found Quyc's Gadget Shoppe.
 61379 | Depths:4 | Found Caycoone's Gadget Shoppe.
 61389 | Depths:4 | Bought a wand of clouds (4) for 552 gold pieces
 61987 | Depths:5 | Entered Level 5 of the Depths
 62269 | Depths:5 | Found a magical portal.
 62278 | WizLab   | Entered Iskenderun's Mystic Tower
 62898 | WizLab   | Identified the Tome of Necromancy
 62910 | WizLab   | Identified Iskenderun's Papyrus of Combat Magic
 62910 | WizLab   | Identified Iskenderun's Incunabulum of Conjuration
 63349 | Depths:5 | Identified the Tome of the Volcanoes and Attacks
 63428 | Depths:5 | Found a runed door.
 63428 | Depths:5 | Found a runed door.
 63448 | Depths:5 | Found a runed door.
 63455 | Depths:5 | Found a runed door.
 63493 | Depths:5 | Found a runed door.
 63517 | Depths:5 | Found a runed door.
 63955 | Depths:5 | Found a gate to the Realm of Zot.
 64254 | Hell     | Entered the Vestibule of Hell
 64254 | Hell     | Noticed Geryon
 64261 | Hell     | Killed Geryon
 64324 | Hell     | Reached skill level 15 in Fighting
 64326 | Hell     | Reached XP level 26. HP: 126/159 MP: 47/49
 64610 | Depths:5 | Reached skill level 15 in Air Magic
 65183 | Hell     | Found a gateway to the decaying netherworld of Tartarus.
 65298 | Hell     | Found a gateway to the freezing wastes of Cocytus.
 65417 | Hell     | Found a gateway to the Iron City of Dis.
 65508 | Hell     | Found a gateway to the ashen valley of Gehenna.
 65641 | Dis:1    | Entered Level 1 of the Iron City of Dis
 65825 | Dis:1    | Gained mutation: Your body sometimes deteriorates upon taking damage. [mutagenic glow]
 67378 | Dis:5    | Identified the +5 scythe of Blood {protect, Dex+3} (You found it on level 5 of the Iron City of Dis)
 68252 | Dis:7    | Entered Level 7 of the Iron City of Dis
 68370 | Dis:7    | Reached XP level 27. HP: 161/161 MP: 19/49
 68398 | Dis:7    | Gained mutation: You are partially covered in rugged brown scales. (AC +1, +3% HP) [a cacodemon]
 69158 | Dis:7    | Killed from afar by an iron giant

Skill      XL: |  1  2  3  4  5  6  7  8  9 10 11 12 13 14 15 16 17 18 19 20 21 22 23 24 25 26 27 |
---------------+----------------------------------------------------------------------------------+-----
Conjurations   | 2 3 4 5 6 8 10 12 13 | 13.0
Fire Magic     | 4 5 6 7 8 10 14 15 | 15.0
Spellcasting   | 4 5 6 9 11 13 16 17 20 21 | 21.6
Dodging        | 3 4 5 7 8 10 11 12 13 16 18 20 22 23 | 23.2
Short Blades   | 2 3 |  3.8
Fighting       | 1 3 5 8 9 10 12 14 15 | 15.0
Maces & Flails | 1 4 6 8 10 12 | 12.0
Evocations     | 1 4 |  4.0
Shields        | 3 7 9 10 11 12 13 15 | 15.0
Translocations | 2 3 |  3.3
Charms         | 4 |  4.1
Necromancy     | 4 |  4.0
Earth Magic    | 4 8 11 | 11.3
Transmutations | 4 7 10 11 | 11.0
Summonings     | 6 8 |  8.0
Air Magic      | 3 10 14 19 20 | 20.0
Stealth        | |  2.4

Action                   |  1- 3 |  4- 6 |  7- 9 | 10-12 | 13-15 | 16-18 | 19-21 | 22-24 | 25-27 || total
-------------------------+-------+-------+-------+-------+-------+-------+-------+-------+-------++-------
Melee: Dagger            |    60 |    53 |   165 |       |       |       |     1 |       |       ||   279
       Demon whip        |       |       |     3 |   222 |   518 |   379 |   329 |   211 |   724 ||  2386
 Cast: Flame Tongue      |    48 |    60 |   154 |   151 |   394 |    62 |    30 |     8 |     3 ||   910
       Throw Flame       |       |     6 |     2 |     2 |     4 |       |       |       |       ||    14
       Conjure Flame     |       |     3 |     9 |    19 |    55 |    22 |    20 |     4 |    20 ||   152
       Sticky Flame      |       |     1 |    26 |    76 |   137 |    67 |    56 |    30 |    39 ||   432
       Fireball          |       |       |     7 |    38 |   206 |   365 |   272 |   306 |   108 ||  1302
       Force Lance       |       |       |       |     1 |    25 |    11 |       |       |       ||    37
       Ignite Poison     |       |       |       |     1 |       |       |       |       |       ||     1
       Bolt of Magma     |       |       |       |       |    58 |    98 |   109 |    84 |   193 ||   542
       Regeneration      |       |       |       |       |     1 |    20 |    15 |     8 |    34 ||    78
       Statue Form       |       |       |       |       |       |    18 |     9 |     6 |    25 ||    58
       Orb of Destructio |       |       |       |       |       |    43 |    47 |   159 |   220 ||   469
       Spellforged Servi |       |       |       |       |       |       |     7 |    16 |    37 ||    60
       Ignition          |       |       |       |       |       |       |     9 |    15 |    36 ||    60
       Tornado           |       |       |       |       |       |       |       |       |     5 ||     5
Evoke: Wand              |       |       |     3 |    11 |    17 |    19 |       |     1 |     3 ||    54
       Phial of floods   |       |       |       |     1 |     3 |     6 |       |       |     2 ||    12
       Fan of gales      |       |       |       |       |       |     2 |       |       |       ||     2
       Lamp of fire      |       |       |       |       |       |       |       |     2 |     3 ||     5
  Use: Potion            |       |     1 |     3 |     1 |     3 |    15 |     1 |     2 |       ||    26
       Scroll            |       |       |    13 |     9 |    24 |    10 |     4 |    14 |     5 ||    79
 Stab: Sleeping          |     3 |     5 |     5 |     1 |     4 |     2 |     1 |       |     1 ||    22
       Distracted        |       |       |       |       |       |       |     1 |     1 |     6 ||     8
  Eat: Chunk             |     3 |     8 |    14 |    34 |    38 |    28 |    20 |    26 |     3 ||   174
       Ration            |       |       |     2 |     2 |    10 |     6 |     3 |     4 |    10 ||    37
Armor: Robe              |    14 |     9 |    41 |    45 |       |    11 |    10 |    14 |    21 ||   165
       Skin              |       |       |       |     9 |       |   144 |    56 |    70 |   125 ||   404
       Leather armour    |       |       |       |       |   134 |    26 |       |       |       ||   160
Dodge: Dodged            |    48 |    39 |   190 |   280 |   500 |   609 |   329 |   322 |   973 ||  3290
Block: Shield            |       |       |       |       |   267 |   518 |   263 |   259 |   689 ||  1996
